 Dungeon Crawl Stone Soup version 0.31-a0-1-g4198be8af4 (webtiles) character file.

Game seed: 1495061082479369459

842 HoaS the Skirmisher (level 8, -1/56 HPs)
             Began as a Formicid Hunter on May 1, 2023.
             Was a Follower of Zin.
             Slain by Duvessa
             ... wielding a +0 short sword
              (7 damage)
             ... on level 7 of the Dungeon.
             The game lasted 00:07:05 (2976 turns).

HoaS the Skirmisher (Formicid Hunter)               Turns: 2976, Time: 00:07:05

Health: -1/56      AC:  7    Str: 16    XL:     8   Next: 20%
Magic:  10/11      EV: 12    Int:  9    God:    Zin [*.....]
Gold:   187        SH:  0    Dex: 19    Spells: 7/7 levels left

rFire   . . .        a - +2 shortbow (heavy)
rCold   . . .        (no shield)
rNeg    . . .        c - +0 leather armour
rPois   .            (helmet unavailable)
rElec   .            (no cloak)
rCorr   .            m - +0 pair of gloves
SInv    +            f - +2 pair of boots
Will    .....        g - amulet of regeneration
Stlth   +            (no ring)
HPRegen 1.09/turn    (no ring)
MPRegen 0.12/turn

%: no passive effects
@: lit by a corona, on recite cooldown, glowing
A: permanent stasis, dig shafts and tunnels, antennae 3, four strong arms
a: Dig, Shaft Self, Renounce Religion, Recite, Donate Gold


You were on level 7 of the Dungeon.
You worshipped Zin.
Zin was aware of your devotion.
You visited 1 branch of the dungeon, and saw 6 of its levels.

You collected 207 gold pieces.
You donated 20 gold pieces to Zin.

Inventory:

Hand Weapons
 a - a +2 heavy shortbow (weapon)
Missiles
 o - 2 throwing nets
Armour
 c - a +0 leather armour (worn)
 d - a +1 kite shield
 f - a +2 pair of boots (worn)
 m - a +0 pair of gloves (worn)
Jewellery
 g - an amulet of regeneration (around neck)
Wands
 q - a wand of flame (15)
Scrolls
 b - a scroll of immolation
 p - a scroll of magic mapping {unknown}
 r - a scroll of fear
Potions
 e - 2 potions of curing
 h - a potion of lignification {unknown}
 i - a potion of might
 j - 3 potions of resistance
 k - 4 potions of heal wounds {unknown}
 l - a potion of mutation {unknown}
 n - a potion of flight {unknown}


   Skills:
 - Level 2.1 Fighting
 * Level 9.0 Ranged Weapons
 - Level 1.7 Dodging
 - Level 1.2 Stealth
 - Level 4.0 Invocations


You had 7 spell levels left.
You didn't know any spells.
Your spell library contained the following spells:

 Spells                   Type           Power      Damage    Failure   Level
 Sting                    Tmut/Pois      0%         1d3       45%         1
 Poisonous Vapours        Pois/Air       0%         N/A       58%         2
 Sublimation of Blood     Necr           0%         N/A       58%         2
 Wereblood                Tmut           0%         N/A       58%         2
 Volatile Blastmotes      Fire/Tloc      0%         2d10      83%         3
 Fulminant Prism          Conj/Hex       0%         3d5       99%         4
 Iskenderun's Mystic Bla  Conj/Tloc      0%         2d3       99%         4
 Olgreb's Toxic Radiance  Pois           0%         N/A       99%         4
 Arcjolt                  Conj/Air       0%         1d10      100%        5
 Lee's Rapid Deconstruct  Erth           0%         3d4*      100%        5
 Plasma Beam              Fire/Air       0%         2x1d11    100%        6
 Summon Hydra             Summ           0%         N/A       100%        7
 Vhi's Electric Charge    Tloc/Air       Unusable   N/A       N/A         3

Dungeon Overview and Level Annotations

Branches:
Dungeon (7/15)             Temple (0/1) D:6

Altars:
Ashenzari
Cheibriados
Makhleb
Sif Muna
Zin
The Shining One

Annotations:
D:6 Blork the orc, Sigmund
D:7 Duvessa


Innate Abilities, Weirdness & Mutations

You cannot be hasted, slowed, berserked, paralysed or teleported.
You can dig through walls and to a lower floor.
You have a pair of large antennae on your head. (SInv)
Your four strong arms can wield two-handed weapons with a shield.


Message History

You shoot an arrow. The arrow hits Dowan.
Dowan is almost dead. "...for that is the word of Zin, and Zin's word is law."
You finish reciting Apostates 27:27. "Glory to Zin!"
Duvessa hits you with a +0 short sword. Dowan hits you with a +0 dagger.
Duvessa hits you with a +0 short sword! Dowan hits you with a +0 dagger.
You shoot an arrow. The arrow closely misses Dowan.
Duvessa misses you. Dowan casts a spell at you.
You are outlined in light.
Duvessa hits you with a +0 short sword! Dowan closely misses you.
You shoot an arrow. The arrow closely misses Dowan.
Duvessa hits you with a +0 short sword. Dowan hits you with a +0 dagger.
Duvessa hits you with a +0 short sword.
* * * LOW HITPOINT WARNING * * *
Dowan closely misses you.
You shoot an arrow. The arrow hits Dowan!
You kill Dowan!
Duvessa screams, "No!
How DARE you!"
Duvessa goes berserk!
Duvessa hits you with a +0 short sword!
* * * LOW HITPOINT WARNING * * *
Duvessa barely misses you.
Training target 4.0 for Invocations reached!
Your Ranged Weapons skill increases to level 9!
Your Invocations skill increases to level 4!
You feel better. Duvessa hits you but does no damage.
Duvessa closely misses you.
You shoot an arrow. The arrow hits Duvessa!
Duvessa is moderately wounded.
Duvessa completely misses you. Duvessa hits you with a +0 short sword.
* * * LOW HITPOINT WARNING * * *
You shoot an arrow. The arrow barely misses Duvessa.
Duvessa barely misses you. Duvessa hits you with a +0 short sword!
* * * LOW HITPOINT WARNING * * *
You shoot an arrow. The arrow hits Duvessa!!
Duvessa is severely wounded.
Duvessa closely misses you. x2
You shoot an arrow. The arrow hits Duvessa!
Duvessa is almost dead.
Duvessa hits you with a +0 short sword!
You die...

..####....#.######..#
..'..#....#.........#
..#..#....'.........#
..#..#....#.........#
..####......##########
........####.........#
........# #.........#
........# #.....e...#
........# #....@....#
........# #...).....#
........# #.........#
........# #.........#
.?.###### ###########
...# ...# ...# ...#


You could see Duvessa (berserk).

Vanquished Creatures
  An ogre (D:7)
  A centaur (D:7)
  A kobold brigand (D:7)
  2 bullfrogs (D:7)
  Dowan (D:7)
  An orc priest (D:3)
  4 hounds
  An iguana (D:7)
  3 orc wizards
  5 gnolls
  5 adders
  2 white imps (D:7)
  An ufetubus (D:7)
  3 dart slugs
  5 orcs
  5 ball pythons
  7 endoplasms
  4 giant cockroaches (D:1)
  5 goblins
  6 hobgoblins
  4 kobolds
  6 quokkas
  9 bats
  3 frilled lizards
  8 rats
93 creatures vanquished.

Notes
Turn   | Place    | Note
-------+----------+-------------------------------------------
     0 | D:1      | HoaS the Formicid Hunter began the quest for the Orb.
     0 | D:1      | Reached XP level 1. HP: 16/16 MP: 1/1
   110 | D:1      | Reached XP level 2. HP: 22/22 MP: 2/2
   187 | D:1      | Reached XP level 3. HP: 27/27 MP: 3/3
   416 | D:1      | Reached skill level 5 in Ranged Weapons
   697 | D:2      | Reached XP level 4. HP: 33/33 MP: 4/4
  1084 | D:3      | Reached skill level 6 in Ranged Weapons
  1084 | D:3      | Reached XP level 5. HP: 38/38 MP: 5/5
  1587 | D:4      | Reached XP level 6. HP: 44/44 MP: 6/6
  1663 | D:4      | Reached skill level 7 in Ranged Weapons
  1821 | D:4      | You fall into a shaft and drop 3 floors!
  1821 | D:7      | Found a snail-covered altar of Cheibriados.
  1821 | D:7      | Found a shimmering blue altar of Sif Muna.
  1821 | D:7      | Found a glowing golden altar of the Shining One.
  1823 | D:7      | Found a burning altar of Makhleb.
  1827 | D:7      | Found a broken altar of Ashenzari.
  1827 | D:7      | Found a glowing silver altar of Zin.
  1836 | D:7      | Became a worshipper of Zin the Law-Giver
  1836 | D:7      | Reached * piety under Zin
  1884 | D:6      | Noticed an ogre
  1887 | D:6      | Noticed Sigmund
  1894 | D:7      | Reached skill level 1 in Invocations
  2066 | D:7      | Reached XP level 7. HP: 50/50 MP: 8/8
  2139 | D:7      | Reached skill level 8 in Ranged Weapons
  2382 | D:7      | Reached XP level 8. HP: 56/56 MP: 10/10
  2390 | D:6      | Found a staircase to the Ecumenical Temple.
  2391 | D:6      | Noticed Blork the orc
  2958 | D:6      | Noticed Dowan
  2959 | D:6      | Noticed Duvessa
  2971 | D:7      | Killed Dowan
  2972 | D:7      | Reached skill level 9 in Ranged Weapons
  2974 | D:7      | HP: 2/56 [Duvessa/+0 short sword (12)]
  2976 | D:7      | Slain by Duvessa

Illustrated notes

Levels and vault maps discovered:
D:1:      dpeg_arrival_three_same_balls, layout_rooms
D:2:      layout_rooms, kennysheep_nub, minmay_strange_pillars,
          grunt_ministairs_9
D:3:      layout_rooms, minmay_misc_feat_roman, hangedman_decor_opposing,
          minmay_misc_feat_more_columns, minmay_liquid_box
D:4:      layout_loops_ring, grunt_decor_fettered
D:6:      layout_rooms, minmay_temple_entry_waves, st_stairs_10,
          nicolae_underground_beach, uniq_blork_the_orc, uniq_duvessa,
          uniq_sigmund
D:7:      layout_gridville, minmay_overflow_temple_hex, minmay_diced_spiral

Skill      XL: |  1  2  3  4  5  6  7  8 |
---------------+-------------------------+-----
Ranged Weapons | 5 6 7 8 9 |  9.0
Invocations    | 1 3 4 |  4.0
Fighting       | |  2.1
Dodging        | |  1.7
Stealth        | |  1.2

Action                     |  1- 3 |  4- 6 |  7- 9 || total
---------------------------+-------+-------+-------++-------
   Fire: Shortbow          |    96 |    88 |    59 ||   243
 Invoke: Recite            |       |       |     1 ||     1
    Use: Scroll            |     3 |    10 |       ||    13
         Potion            |       |       |     1 ||     1
 Armour: Leather armour    |    28 |    23 |    26 ||    77
  Dodge: Dodged            |    64 |    40 |    49 ||   153

Table legend: (Time is in decaauts)
 A = Elapsed time spent in this place.
 B = Non-inter-level travel time spent in this place.
 C = Inter-level travel time spent in this place.
 D = Time resting spent in this place.
 E = Time spent auto-exploring this place.
 F = Levels seen in this place.
 G = Mean time per level.
                   A        B        C        D        E       F      G
               +--------+--------+--------+--------+--------+-----+--------+
         Total |   3114 |   3046 |     68 |    315 |   2001 |   6 |  519.0 |
       Dungeon |   3114 |   3046 |     68 |    315 |   2001 |   6 |  519.0 |
               +--------+--------+--------+--------+--------+-----+--------+

Top non-repeatable levels by time:
     D:7: 1173 daAuts
     D:3: 582 daAuts
     D:1: 570 daAuts
     D:2: 495 daAuts
     D:4: 257 daAuts
     D:6: 34 daAuts
